 Dungeon Crawl Stone Soup version 0.28.0-45-g0d030f2227 (webtiles) character file.

Game seed: 8283078423318074242

73 101zpm the Covered (level 4, 0/28 HPs)
             Began as a Gargoyle Fighter on Apr 8, 2022.
             Slain by Pargi (6 damage)
             ... in a sewer.
             The game lasted 00:03:32 (2101 turns).

101zpm the Covered (Gargoyle Fighter)               Turns: 2101, Time: 00:03:32

Health: 0/28       AC: 10    Str: 21    XL:     4   Next: 27%
Magic:  4/4        EV:  9    Int:  9    God:
Gold:   103        SH:  4    Dex:  9    Spells: 3/3 levels left

rFire   . . .      SeeInvis .   a - +0 flail
rCold   . . .      Faith    .   c - +0 buckler
rNeg    + . .      Spirit   .   b - +0 scale mail
rPois   ∞          Reflect  .   (no helmet)
rElec   +          Harm     .   (no cloak)
rCorr   .          Rampage  .   (no gloves)
Will    .....                   (no boots)
Stlth   ..........              (no amulet)
HPRegen 0.09/turn               (no ring)
MPRegen 0.09/turn               (no ring)

@: mighty, very slow
A: sickness immunity, AC +3, negative energy resistance 1, electricity
resistance, torment resistance 1, petrification resistance
a: no special abilities


You were in a sewer.
You visited 1 branch of the dungeon, and saw 3 of its levels.
You also visited: Sewer.

You collected 103 gold pieces.

Inventory:

Hand Weapons
 a - a +0 flail (weapon)
 n - a +0 short sword of venom
Missiles
 m - 21 stones (quivered)
 q - 5 poisoned darts
Armour
 b - a +0 scale mail (worn)
 c - a +0 buckler (worn)
Jewellery
 e - a ring of ice
 h - an amulet of guardian spirit
 k - a ring of see invisible
Scrolls
 j - a scroll of identify
 p - a scroll of teleportation
Potions
 f - a potion of lignification {unknown}
 g - a potion of heal wounds {unknown}
 i - 2 potions of curing
 l - a potion of attraction {unknown}
 o - a potion of flight {unknown}


   Skills:
 + Level 3.6 Fighting
 + Level 2.9 Maces & Flails
 + Level 3.9 Armour
 + Level 0.4 Dodging
 + Level 0.4 Stealth
 + Level 3.8 Shields


You had 3 spell levels left.
You didn't know any spells.
Your spell library contained the following spells:

 Spells                   Type           Power      Damage    Failure   Level
 Ensorcelled Hibernation  Hex/Ice        0%         N/A       91%         2
 Scorch                   Fire           0%         2d5       91%         2
 Spider Form              Tmut/Pois      0%         N/A       99%         3
 Anguish                  Hex/Necr       0%         N/A       100%        4
 Flame Wave               Conj/Fire      0%         2d4       100%        4
 Summon Cactus Giant      Summ           0%         N/A       100%        6


Dungeon Overview and Level Annotations

Branches:
Dungeon (3/15)              Sewer (1/1)

Altars:
Okawaru

Shops:
D:2 *?

Annotations:
Sewer Pargi


Innate Abilities, Weirdness & Mutations

You are immune to sickness and miasma.
Your stone body is resilient. (AC +3)
You are immune to poison.
You resist negative energy. (rN+)
You are resistant to electric shocks. (rElec)
You are resistant to unholy torment.
You are immune to petrification.


Message History

Pargi claws you. Pargi bites you but does no damage. Pargi claws you.
Pargi claws you but does no damage.
You hit Pargi.
Pargi is lightly wounded.
Pargi closely misses you. Pargi claws you but does no damage. Pargi claws you.
You are too injured to fight recklessly!
You are too injured to fight recklessly!
You are too injured to fight recklessly!
You are too injured to fight recklessly!
You are too injured to fight recklessly!
You are too injured to fight recklessly!
You are too injured to fight recklessly!
You are too injured to fight recklessly!
You are too injured to fight recklessly!
You are too injured to fight recklessly!
You are too injured to fight recklessly!
You are too injured to fight recklessly!
You are too injured to fight recklessly!
You feel very mighty all of a sudden.
Pargi barely misses you. x2; Pargi claws you but does no damage.
Your unstable footing causes you to fumble your attack.
Pargi barely misses you. Pargi closely misses you. Pargi claws you.
You completely miss Pargi.
Pargi is lightly wounded.
Pargi bites you but does no damage. Pargi closely misses you.
You block Pargi's attack. Pargi bites you but does no damage.
Pargi closely misses you. Pargi barely misses you.
You barely miss Pargi.
Pargi is lightly wounded.
Pargi bites you!
* * * LOW HITPOINT WARNING * * *
Pargi claws you but does no damage. You block Pargi's attack.
You thump Pargi!
Pargi is heavily wounded.
You block Pargi's attack. Pargi claws you but does no damage.
Pargi closely misses you.
You barely miss Pargi.
Pargi is heavily wounded.
Pargi bites you.
You die...

##≈###≈≈≈# ######
#≈≈≈≈≈≈≈≈##≈≈≈≈≈≈≈
≈≈≈≈≈≈≈≈≈≈≈≈≈≈≈≈≈≈≈
≈≈≈≈≈≈≈≈≈≈≈≈≈≈≈≈≈≈≈
≈≈≈≈≈≈≈≈≈≈≈≈≈≈≈≈≈≈≈≈
≈≈≈≈≈≈≈≈≈≈≈≈≈≈≈≈≈≈≈≈≈#
≈≈≈≈≈≈≈≈≈≈≈≈≈≈≈≈≈≈≈≈≈≈#
≈≈≈≈≈≈T@≈.≈≈≈≈≈≈≈≈≈≈≈≈##
≈≈≈≈≈.####≈≈≈≈≈≈≈≈≈≈≈≈≈#
≈≈≈.. ##≈≈≈≈≈≈≈≈≈≈≈≈#
≈≈≈# #≈≈≈≈≈≈≈≈≈≈≈≈≈ ≈.
#.≈.≈≈≈≈≈≈≈≈≈≈ #
##...≈≈≈≈≈≈≈≈≈
##.≈.≈≈≈≈≈≈≈≈
###.≈≈≈≈≈≈≈≈ ##.≈≈≈≈≈≈≈


You could see Pargi.

Vanquished Creatures
  3 adders
  2 worms
  5 ball pythons
  3 endoplasms
  4 giant cockroaches
  4 goblins
  A hobgoblin (D:1)
  4 jackals (D:1)
  A quokka (D:1)
  2 frilled lizards (D:1)
  4 kobolds
  6 rats
39 creatures vanquished.

Notes
Turn   | Place    | Note
-------+----------+-------------------------------------------
     0 | D:1      | 101zpm the Gargoyle Fighter began the quest for the Orb.
     0 | D:1      | Reached XP level 1. HP: 14/14 MP: 1/1
    16 | D:1      | Found a faded altar of an unknown god.
   331 | D:1      | Reached XP level 2. HP: 19/19 MP: 2/2
   834 | D:1      | Reached XP level 3. HP: 18/23 MP: 3/3
  1160 | D:2      | Found Higumin's Magic Scroll Emporium.
  1299 | D:2      | Found Zilax's General Store.
  1492 | D:2      | Found an iron altar of Okawaru.
  1556 | D:2      | Reached XP level 4. HP: 18/28 MP: 4/4
  2023 | D:3      | Found a glowing drain.
  2037 | Sewer    | Entered a sewer
  2084 | Sewer    | Noticed Pargi
  2101 | Sewer    | Slain by Pargi

Illustrated notes

Levels and vault maps discovered:
D:1:      tarquinn_simple_flora_water_e, layout_rooms,
          ebering_ecumenical_altar_hall
D:2:      layout_loops_cross, basic_altar, serial_shops, nicolae_shop_crystal,
          shop, minmay_ruptured
D:3:      layout_loops_ring, nicolae_gozag_seed_capital,
          cheibrodos_sewer_entry_bend, kennysheep_generic_room_4
Sewer:    sewer_co_pargi_island

Action                   |  1- 3 |  4- 6 || total
-------------------------+-------+-------++-------
Melee: Flail             |    98 |    34 ||   132
  Use: Scroll            |       |     2 ||     2
       Potion            |       |     1 ||     1
Armor: Scale mail        |    46 |    30 ||    76
Dodge: Dodged            |    40 |    25 ||    65
Block: Buckler           |    22 |    13 ||    35
